 Dungeon Crawl Stone Soup version 0.31-a0-1576-ga3383bade6 (webtiles) character file.

Game seed: 10082741943702979220

92 jasper the Firebug (level 4, 0/24 (27) HPs)
             Began as a Deep Elf Cinder Acolyte on Jan 4, 2024.
             Was a High Priest of Ignis.
             Slain by Grinder (6 damage)
             ... on level 3 of the Dungeon.
             The game lasted 00:03:00 (2347 turns).

jasper the Firebug (Deep Elf Cinder Acolyte)        Turns: 2347, Time: 00:03:00

HP:   0/24 (27)     AC: 10    Str: 11    XL:     4   Next: 35%
MP:   2/11          EV: 11    Int: 21    God:    Ignis [*****.]
Gold: 173           SH:  0    Dex: 10    Spells: 8/10 levels left

rFire   + . .        e - +2 spear (vamp)
rCold   . . .        (no shield)
rNeg    . . .        k - +0 leather armour
rPois   .            (no helmet)
rElec   .            (no cloak)
rCorr   .            (no gloves)
SInv    .            (no boots)
Will    .....        (no amulet)
Stlth   +            (no ring)
HPRegen 0.24/turn    (no ring)
MPRegen 0.12/turn

%: no passive effects
@: fiery-armoured, heavily drained, invisible
A: no striking features
a: Renounce Religion, Fiery Armour, Foxfire Swarm, Rising Flame


You were on level 3 of the Dungeon.
You worshipped Ignis.
Ignis was extremely pleased with you.
You visited 1 branch of the dungeon, and saw 3 of its levels.

You collected 173 gold pieces.

Inventory:

Hand Weapons
 a - a -1 spear of flaming
 e - a +2 vampiric spear (weapon)
Missiles
 h - 3 poisoned darts
Armour
 b - a +0 robe
 g - the +4 chain mail of Modesty {Int+2}
   (You found it on level 2 of the Dungeon)

   Int+2:     It affects your intelligence (+2).
 k - a +0 leather armour (worn)
 l - a +0 kite shield
Scrolls
 c - 3 scrolls of identify
 d - 3 scrolls of fear
 i - a scroll of teleportation {unknown}
 j - a scroll of vulnerability {unknown}


   Skills:
 + Level 2.7 Fighting
 - Level 2.1 Polearms
 + Level 1.9 Dodging
 * Level 3.5 Spellcasting
 * Level 4.2 Fire Magic


You had 8 spell levels left.
You knew the following spells:

 Your Spells              Type           Power      Damage    Failure   Level
a - Scorch                Fire           42%        2d6       4%          2

Your spell library contained the following spells:

 Spells                   Type           Power      Damage    Failure   Level
 Animate Dead             Necr           3%         N/A       86%         4
 Borgnjor's Vile Clutch   Necr/Erth      1%         N/A       99%         5
 Death Channel            Necr           1%         N/A       100%        6


Dungeon Overview and Level Annotations

Branches:
Dungeon (3/15)

Altars:
Nemelex Xobeh

Annotations:
D:3 Grinder


Message History

Grinder barely misses you.
You hit Grinder.
Grinder is heavily wounded.
Grinder closely misses you.
You hit Grinder.
Grinder is heavily wounded.
Grinder barely misses you.
You closely miss Grinder.
Grinder is heavily wounded.
Grinder hits you.
You writhe in agony.
* * * LOW HITPOINT WARNING * * *
Grinder is burned terribly!
Grinder is burned by your cloak of flames.
Grinder is severely wounded.
You take 9 damage, and have 6/24 hp.
MASSIVE DAMAGE!!
You hit Grinder.
Grinder is severely wounded.
Grinder closely misses you.
It was a potion of invisibility.
You fade into invisibility!
Grinder is no longer more vulnerable to fire.
Grinder hits you but does no damage.
Grinder is burned by your cloak of flames.
Grinder is almost dead.
You hit Grinder.
Grinder is almost dead.
Grinder misses you.
You barely miss Grinder.
Grinder is almost dead.
Grinder barely misses you.
You barely miss Grinder.
Grinder is almost dead.
Grinder closely misses you.
You barely miss Grinder.
Grinder is almost dead.
Grinder hits you.
* * * LOW HITPOINT WARNING * * *
You writhe in agony.
You die...
Grinder says, "Hey, I wasn't done torturing you yet!"

.## #†# #..# #.#
....###.#######..###.########
#............................
#............##.######.######
.....##.#.##.##.# #.#
#######.........# #.#
#....##.#### #.# #######)#
#.# #@# #.# ## #5# #.## #.
..# #..# #. .... ##.####.
..... #.[.... #.....# ######.
##...## #. ##..# #. #.


You could see Grinder (unable to see you).

Vanquished Creatures
  4 gnolls (D:3)
  An adder (D:3)
  2 dart slugs
  A ribbon worm (D:2)
  An orc (D:3)
  6 bats
  4 endoplasms
  A giant cockroach (D:1)
  4 hobgoblins
  4 jackals (D:2)
  A quokka (D:3)
  3 ball pythons
  2 frilled lizards
  2 goblins (D:1)
  3 rats
39 creatures vanquished.

Notes
Turn   | Place    | Note
-------+----------+-------------------------------------------
     0 | D:1      | jasper the Deep Elf Cinder Acolyte began the quest for the
                  | Orb.
     0 | D:1      | Reached XP level 1. HP: 13/13 MP: 5/5
   153 | D:1      | Reached XP level 2. HP: 10/18 MP: 7/7
   406 | D:1      | You fall into a shaft and drop 1 floor!
   417 | D:2      | Learned a level 2 spell: Scorch
   535 | D:2      | Reached skill level 1 in Dodging
  1271 | D:2      | Identified the +4 chain mail of Modesty {Int+2}
  1290 | D:2      | Reached XP level 3. HP: 22/22 MP: 6/9
  1339 | D:2      | Found a sparkling altar of Nemelex Xobeh.
  2243 | D:3      | Reached skill level 4 in Fire Magic
  2323 | D:3      | Noticed Grinder
  2330 | D:3      | Reached XP level 4. HP: 13/27 MP: 1/10
  2347 | D:3      | Slain by Grinder

Illustrated notes

Levels and vault maps discovered:
D:1:      dpeg_arrival_signposts, layout_basic
D:2:      layout_loops_cross, basic_altar
D:3:      layout_loops_ring, ebering_ghost_disaster_area, minivault_25,
          kennysheep_generic_room_10, uniq_grinder

Skill      XL: |  1  2  3 |
---------------+----------+-----
Spellcasting   | 2 3 |  3.5
Dodging        | 1 |  1.9
Fire Magic     | 4 |  4.2
Fighting       | |  2.7
Polearms       | |  2.1

Action                     |  1- 3 |  4- 6 || total
---------------------------+-------+-------++-------
  Melee: Spear             |    65 |    15 ||    80
   Cast: Scorch            |    32 |     1 ||    33
 Invoke: Fiery Armour      |     1 |       ||     1
    Use: Scroll            |     2 |       ||     2
         Potion            |       |     1 ||     1
 Armour: Robe              |    30 |       ||    30
         Leather armour    |     8 |     7 ||    15
  Dodge: Dodged            |    47 |     8 ||    55

Table legend: (Time is in decaauts)
 A = Elapsed time spent in this place.
 B = Non-inter-level travel time spent in this place.
 C = Inter-level travel time spent in this place.
 D = Time resting spent in this place.
 E = Time spent auto-exploring this place.
 F = Levels seen in this place.
 G = Mean time per level.
                   A        B        C        D        E       F      G
               +--------+--------+--------+--------+--------+-----+--------+
         Total |   2345 |   2252 |     93 |      0 |   1943 |   3 |  781.7 |
       Dungeon |   2345 |   2252 |     93 |      0 |   1943 |   3 |  781.7 |
               +--------+--------+--------+--------+--------+-----+--------+

Top non-repeatable levels by time:
     D:1: 1101 daAuts
     D:2: 798 daAuts
     D:3: 445 daAuts
